 Dungeon Crawl Stone Soup version 0.25-b1-46-gb8a1ec05df (webtiles) character file.

Game seed: 11002665090051462426

119170 Esekla the Eclecticist (level 16, 0/69 HPs)
             Began as a Spriggan Ice Elementalist on June 10, 2020.
             Was the Champion of Ashenzari.
             Slain by an anaconda (5 damage)
             ... on level 2 of the Snake Pit on June 11, 2020.
             The game lasted 07:06:59 (38505 turns).

Esekla the Eclecticist (Spriggan Ice Elementalist) Turns: 38505, Time: 07:06:59

Health: 0/69       AC: 18    Str:  7    XL:     16   Next: 27%
Magic:  40/40      EV: 28    Int: 31    God:    Ashenzari [******]
Gold:   1630       SH:  4    Dex: 17    Spells: 6/54 levels left

rFire    . . .     SeeInvis +   d - +3 scimitar (freeze) (curse)
rCold    . . .     Gourm    .   (shield restricted)
rNeg     . . .     Faith    .   M - +0 troll leather armour (curse)
rPois    +         Spirit   .   G - +2 hat {Int+3} (curse)
rElec    +         Reflect  .   A - +0 cloak
rCorr    .         Harm     .   (gloves unavailable)
MR       ++...     Clarity  +   (boots unavailable)
Stlth    +++++.....             Z - amulet of the acrobat
HPRegen  0.61/turn              s - +6 ring of intelligence
MPRegen  0.27/turn              P - ring of poison resistance

@: lethally poisoned (0 -> -1), icy armour, about to teleport, frozen ramparts,
very slightly contaminated, constricted, studying 2 skills, very quick
A: very small, unfitting armour, horns 1, large bone plates 1, see invisible,
herbivore, speed 3, electricity resistance, slow metabolism 2, strong 1,
evolution 1
a: Curse Item, Scrying, Transfer Knowledge, Renounce Religion


You were on level 2 of the Snake Pit.
You worshipped Ashenzari.
Ashenzari was exalted by your worship.
You were not hungry.

You visited 5 branches of the dungeon, and saw 26 of its levels.
You also visited: Ice Cave.

You collected 3242 gold pieces.
You spent 1612 gold pieces at shops.

Inventory:

Hand Weapons
 d - a cursed +3 scimitar of freezing (weapon)
 F - a +2 short sword of venom
 H - a +2 vorpal trident
 N - the +1 dagger "Qekeim" {vorpal, rN+ MR+ Dex-2}
   (You found it on level 10 of the Dungeon)

   It inflicts extra damage upon your enemies.
   It affects your dexterity (-2).
   It protects you from negative energy.
   It affects your resistance to hostile enchantments.
 Y - a +4 long sword of flaming
Missiles
 b - 5 curare-tipped darts
 i - 81 poisoned darts
 C - 47 boomerangs (quivered)
Armour
 A - a +0 cloak (worn)
 G - a cursed +2 hat of intelligence (worn)
 M - a cursed +0 troll leather armour (worn)
Jewellery
 f - an uncursed ring of protection from magic
 n - an uncursed ring of wizardry
 s - a +6 ring of intelligence (left hand)
 u - an uncursed ring of protection from fire
 z - an uncursed ring of protection from magic
 D - an uncursed amulet of guardian spirit
 K - a +4 ring of evasion
 L - an uncursed ring of protection from cold
 P - a ring of poison resistance (right hand)
 S - an uncursed ring of resist corrosion
 U - an uncursed ring of magical power
 Z - an amulet of the acrobat (around neck)
Wands
 r - a wand of paralysis (12)
 t - a wand of polymorph (17)
 Q - a wand of digging (16)
 T - a wand of flame (12)
Scrolls
 m - 7 scrolls of magic mapping
 o - a scroll of fog
 p - 16 scrolls of teleportation
 q - 3 scrolls of fear
 x - 6 scrolls of enchant weapon
 E - 7 scrolls of blinking
 I - 2 scrolls of holy word
 O - 4 scrolls of remove curse
 V - 5 scrolls of enchant armour
 X - 4 scrolls of identify
Potions
 a - 2 potions of resistance
 g - 6 potions of berserk rage
 h - 2 potions of brilliance
 j - 4 potions of flight
 k - 8 potions of curing
 l - a potion of heal wounds
 w - 5 potions of haste
 y - 2 potions of might
 J - 5 potions of stabbing
 R - a potion of lignification
 W - a potion of magic
Books
 e - a manual of Short Blades
 B - a manual of Summonings
Comestibles
 c - 38 rations


   Skills:
 + Level 1.0 Fighting
 * Level 10.7(11.4) Short Blades
 + Level 4.8(10.5) Long Blades
 - Level 3.0 Throwing
 + Level 5.1 Armour
 * Level 14.5(17.1) Dodging
 + Level 9.7(12.6) Stealth
 * Level 19.6 Spellcasting
 * Level 4.6 Conjurations
 + Level 8.5 Hexes
 + Level 7.0 Charms
 + Level 5.0 Summonings
 + Level 3.5 Translocations
 + Level 5.6 Fire Magic
 + Level 8.3 Ice Magic
 * Level 4.8 Air Magic
 + Level 3.8 Evocations


You had 6 spell levels left.
You knew the following spells:

 Your Spells              Type           Power        Failure   Level  Hunger
a - Apportation           Tloc           ######       1%          1    None
b - Fireball              Conj/Fire      ######....   6%          5    None
c - Freezing Cloud        Conj/Ice/Air   ######....   22%         6    None
d - Tukima's Dance        Hex            ######..     1%          3    None
e - Airstrike             Air            ######....   2%          4    None
f - Conjure Flame         Conj/Fire      ######..     1%          3    None
g - Summon Lightning Spi  Summ/Air       ######..     2%          4    None
h - Hailstorm             Conj/Ice       ######..     1%          4    None
i - Invisibility          Hex            ######..     8%          6    None
r - Frozen Ramparts       Ice            ######       1%          3    None
w - Passwall              Tmut/Erth      ####....     2%          2    None
y - Sticky Flame          Conj/Fire      ######..     1%          4    None
z - Ozocubu's Armour      Chrm/Ice       ######..     1%          3    None

Your spell library contained the following spells:

 Spells                   Type           Power        Failure   Level  Hunger
 Animate Skeleton         Necr           N/A          1%          1    None
 Corona                   Hex            ######.      1%          1    None
 Foxfire                  Conj/Fire      ####         1%          1    None
 Freeze                   Ice            ####         1%          1    None
 Sandblast                Erth           ####..       1%          1    None
 Summon Butterflies       Summ           ######..     1%          1    None
 Summon Small Mammal      Summ           ####         1%          1    None
 Inner Flame              Hex/Fire       ######..     1%          3    None
 Lesser Beckoning         Tloc           ######....   1%          3    None
 Stone Arrow              Conj/Erth      #####.       1%          3    None
 Summon Ice Beast         Ice/Summ       ######..     1%          4    None
 Petrify                  Tmut/Erth      ####....     17%         4    None
 Alistair's Intoxication  Tmut/Pois      ####....     43%         5    None
 Lee's Rapid Deconstruct  Erth           ####......   43%         5    None
 Eringya's Noxious Bog    Tmut/Pois      ####......   95%         6    None


Dungeon Overview and Level Annotations

Branches:
Dungeon (15/15)            Temple (1/1) D:5            Lair (6/6) D:9
 Shoals (0/4) Lair:4        Snake (2/4) Lair:2        Slime (0/5) Lair:5
    Orc (2/2) D:9             Elf (0/3) Orc:2        Vaults (0/5) D:14
 Depths (0/5) D:15          IceCv (visited)

Altars:
Ashenzari
Cheibriados
Dithmenos
Elyvilon
Fedhas
Gozag
Hepliaklqana
Kikubaaqudgha
Makhleb
Nemelex Xobeh
Okawaru
Qazlal
Ru
Sif Muna
Trog
Uskayaw
Vehumet
Wu Jian
Xom
Yredelemnul
Zin
The Shining One
Beogh

Shops:
D:5 :   D:11 =   Orc:2 [}[*?

Portals:
Pandemonium: Orc:2

Annotations:
D:7 Harold
Lair:1 3 runed translucent doors, Zusoliwk's ghost, journeyman CeHu
Lair:5 exclusion: 2 oklob plants
Snake:2 Frances


Innate Abilities, Weirdness & Mutations

You are very small and have problems with some larger weapons.
You are too small for most types of armour.
You have supernaturally acute eyesight. (SInv)
You are a herbivore.
You cover ground extremely quickly.
You need to consume almost no food.
You have a pair of small horns on your head.
You are partially covered in large bone plates. (SH +4)
You are resistant to electric shocks. (rElec)
Your muscles are strong. (Str +2)
You evolve.


Message History

The naga warrior hits you from afar with a +0 glaive.
The guardian serpent completely misses you.
The naga completely misses you.
The anaconda bites you but does no damage.
The anaconda constricts you.
As you read the scroll of teleportation, it crumbles to dust.
You feel strangely unstable.
You feel sick.
You are more poisoned.
Frances hits you but does no damage.
The guardian serpent completely misses you.
You riposte.
You slash the guardian serpent! You freeze the guardian serpent.
Your headbutt misses the guardian serpent.
The guardian serpent is moderately wounded.
The anaconda barely misses you. The naga ritualist spits poison at you.
The splash of poison hits you but does no damage.
You are more poisoned.
You resist. The anaconda bites you!
* * * LOW HITPOINT WARNING * * *
You die...

*,, *
#......ยง#.....N..... *
***,
*#...................,*
, ,+.................S.
* *
#....S..............
#....N..............
#....SN..........S..
##..S@N44........,,, ,
##4SSN.......... ,*
##N@SN........ , , *
########## ****


You could see Frances (fast), a naga warrior, a nagaraja (fast), 2 anacondas, a
naga ritualist (toxic aura, catching breath), an orange demon (summoned), a mana
viper, a hellwing (summoned), a guardian serpent, a rust devil (summoned), 2
black mambas and 3 nagas.

Vanquished Creatures
  An acid blob (D:14)
  Aizul (Snake:1)
  Louise (D:14)
  An ettin (Orc:2)
  A fire dragon (Lair:6)
  Josephine (D:15)
  8 hydras
  3 naga warriors (Snake:1)
  A vault guard (D:14)
  A rakshasa (D:15)
  A centaur warrior (D:11)
  An anaconda (Snake:1)
  8 two-headed ogres
  5 death yaks
  2 naga sharpshooters (Snake:1)
  Urug (Lair:4)
  9 orc high priests
  2 shock serpents (Snake:1)
  A soul eater (Orc:2)
  A skeletal warrior (D:14)
  2 unseen horrors (D:12)
  A naga ritualist (Snake:1)
  A wizard (D:14)
  An infernal demonspawn (Orc:2)
  A lindwurm (Lair:6)
  2 necromancers
  3 mana vipers
  6 orc knights
  3 ugly things
  4 orc sorcerers
  2 manticores
  An oklob plant (Lair:5)
  5 cyclopes
  2 salamanders (Snake:1)
  An elephant (D:9)
  3 ice statues (IceCv)
  Psyche (D:10)
  13 black mambas
  5 torpor snails (Lair:6)
  7 spiny frogs
  4 naga magi (Snake:1)
  An orange demon (Orc:2)
  A rime drake (Lair:5)
  A kobold demonologist (D:11)
  5 ice devils
  An efreet (D:13)
  A komodo dragon (shapeshifter) (D:15)
  A redback zombie (D:15)
  4 komodo dragons
  A tyrant leech (shapeshifter) (D:15)
  7 hornets
  15 trolls
  11 polar bears
  4 tyrant leeches (Lair:6)
  15 slime creatures
  9 hippogriffs
  A meliai zombie (D:15)
  3 raiju (Lair:6)
  A hippogriff (shapeshifter) (D:15)
  8 blink frogs
  A snapping turtle (Lair:4)
  A shadow (D:11)
  A spriggan (D:10)
  16 humans (D:14)
  A ynoxinul (Orc:2)
  54 yaks
  2 wyverns
  Grum (D:9)
  2 basilisks
  A steam dragon (D:12)
  A hungry ghost (D:12)
  11 vampire mosquitoes
  4 swamp worms (Lair:1)
  4 nagas (Snake:1)
  A soldier ant (D:13)
  8 wargs
  12 hell hounds (Lair:6)
  An acid dragon (D:13)
  8 porcupines
  25 water moccasins
  2 phantoms
  14 ice beasts
  41 orc warriors
  3 sky beasts
  11 black bears (Lair:6)
  11 ogres
  An eye of draining (D:9)
  A necrophage (D:3)
  16 crocodiles
  22 wolves
  3 centaurs
  2 gnoll sergeants
  A big kobold (D:5)
  12 bullfrogs
  A wyvern skeleton (D:6)
  4 scorpions
  10 wights
  6 killer bees (D:10)
  4 electric eels
  6 crimson imps
  A bullfrog zombie (D:12)
  4 centaur zombies
  4 draconian simulacra (IceCv)
  A quasit (D:9)
  4 hounds
  A gnoll shaman (D:8)
  5 jellies
  18 orc wizards
  27 orc priests
  2 bullfrog skeletons
  Crazy Yiuf (D:6)
  Ijyb (D:3)
  12 centaur skeletons
  6 iguanas
  A spriggan simulacrum (IceCv)
  12 worker ants
  2 troll simulacra (IceCv)
  2 hound skeletons
  A worker ant zombie (D:8)
  13 gnolls
  A naga simulacrum (IceCv)
  2 ogre simulacra (IceCv)
  16 adders
  4 shadow imps
  An adder skeleton (D:8)
  3 worms
  2 dart slugs
  9 leopard geckos
  71 orcs
  2 ball pythons
  4 giant cockroaches
  7 goblins
  6 hobgoblins
  22 jackals
  9 kobolds
  6 quokkas
  8 bats
  6 frilled lizards
  A jackal skeleton (D:4)
  A leopard gecko zombie (D:5)
  A quokka skeleton (D:6)
  A quokka zombie (D:10)
  11 rats
  3 plants
849 creatures vanquished.

Vanquished Creatures (collateral kills)
  An orc high priest (Orc:2)
  2 skeletal warriors (D:14)
  A glowing orange brain (D:15)
  A gelid demonspawn (Orc:2)
  An orc knight (Orc:2)
  A rust devil (Orc:2)
  3 ice devils
  2 slime creatures (D:15)
  5 wraiths
  4 humans (D:14)
  2 vampire mosquitoes (D:14)
  5 orcs
28 creatures vanquished.

Vanquished Creatures (others)
  A black mamba (Snake:2)
  4 fungi
  15 plants
20 creatures vanquished.

Grand Total: 897 creatures vanquished

Notes
Turn   | Place    | Note
-------+----------+-------------------------------------------
     0 | D:1      | Esekla the Spriggan Ice Elementalist began the quest for
                  | the Orb.
     0 | D:1      | Reached XP level 1. HP: 9/9 MP: 5/5
   260 | D:1      | Reached skill level 3 in Spellcasting
   362 | D:2      | Found an ornate altar of the Wu Jian Council.
   656 | D:2      | Reached XP level 2. HP: 10/13 MP: 4/7
  1020 | D:1      | Reached skill level 4 in Spellcasting
  1020 | D:1      | Reached XP level 3. HP: 16/16 MP: 3/9
  1090 | D:1      | Learned a level 3 spell: Frozen Ramparts
  1094 | D:1      | Learned a level 3 spell: Ozocubu's Armour
  1667 | D:2      | Reached XP level 4. HP: 21/21 MP: 6/11
  2209 | D:3      | Noticed Ijyb
  2250 | D:3      | Killed Ijyb
  2250 | D:3      | Reached skill level 1 in Charms
  2638 | D:3      | Found a sacrificial altar of Ru.
  2894 | D:3      | Noticed a necrophage
  2946 | D:3      | Killed a necrophage
  2946 | D:3      | Reached skill level 1 in Short Blades
  2946 | D:3      | Reached skill level 5 in Spellcasting
  2946 | D:3      | Reached XP level 5. HP: 18/24 MP: 5/13
  3210 | D:3      | Reached skill level 1 in Throwing
  3619 | D:3      | Learned a level 4 spell: Hailstorm
  3686 | D:4      | Reached XP level 6. HP: 28/28 MP: 10/15
  4113 | D:4      | Found a hazy altar of Hepliaklqana.
  4324 | D:4      | Found a sparkling altar of Nemelex Xobeh.
  4410 | D:4      | Reached skill level 6 in Spellcasting
  4410 | D:4      | Reached XP level 7. HP: 32/32 MP: 10/17
  4413 | D:4      | Reached skill level 1 in Conjurations
  4549 | D:5      | Entered Level 5 of the Dungeon
  4549 | D:5      | Noticed a yak
  4549 | D:5      | Noticed a yak
  4549 | D:5      | Noticed a yak
  4551 | D:5      | Noticed a yak
  4607 | D:5      | Found a staircase to the Ecumenical Temple.
  4615 | Temple   | Entered the Ecumenical Temple
  4692 | Temple   | Became a worshipper of Ashenzari the Shackled
  4768 | D:5      | Found Jaxoiref's Book Boutique.
  4798 | D:5      | Reached skill level 5 in Dodging
  4924 | D:5      | Found a hide-covered altar of Uskayaw.
  5051 | D:5      | Found a shimmering blue altar of Sif Muna.
  5640 | D:6      | Reached skill level 7 in Spellcasting
  5640 | D:6      | Reached XP level 8. HP: 26/36 MP: 16/19
  5880 | D:6      | Found a runed translucent door.
  5881 | D:6      | Identified the +4 mace "Testudineslayer" {freeze, +Inv
                  | rElec rPois Int-4}
  5881 | D:6      | Noticed Crazy Yiuf
  5905 | D:6      | Killed Crazy Yiuf
  6197 | D:5      | Reached skill level 1 in Evocations
  6326 | D:5      | Found a burning altar of Makhleb.
  6326 | D:5      | Found an ancient bone altar of Kikubaaqudgha.
  6406 | D:5      | Reached skill level 1 in Long Blades
  6407 | D:5      | Reached skill level 5 in Stealth
  6411 | D:5      | Reached skill level 8 in Spellcasting
  6738 | D:6      | Reached XP level 9. HP: 39/39 MP: 19/22
  6882 | D:6      | Reached skill level 5 in Charms
  7173 | D:7      | Found an opulent altar of Gozag.
  7510 | D:7      | Reached * piety under Ashenzari
  7516 | D:7      | Noticed Harold
  7904 | D:7      | Found a bloodstained altar of Trog.
  8078 | D:7      | Learned a level 1 spell: Apportation
  8485 | D:5      | Bought a book of Flames for 350 gold pieces
  8490 | D:5      | Learned a level 4 spell: Sticky Flame
  8494 | D:5      | Learned a level 3 spell: Conjure Flame
  8724 | D:7      | Reached skill level 1 in Translocations
  8764 | D:7      | Reached skill level 5 in Ice Magic
  8925 | D:7      | Reached skill level 9 in Spellcasting
  8993 | D:8      | Reached skill level 1 in Fire Magic
  9127 | D:8      | Found a stormy altar of Qazlal.
  9509 | D:8      | Learned a level 2 spell: Passwall
  9668 | D:9      | Reached skill level 10 in Spellcasting
  9898 | D:8      | Reached XP level 10. HP: 44/44 MP: 22/25
  9932 | D:8      | Learned a level 5 spell: Fireball
 10222 | D:8      | Found a shadowy altar of Dithmenos.
 10412 | D:9      | Found a staircase to the Lair.
 10412 | D:9      | Noticed an elephant
 10444 | D:9      | Killed an elephant
 10496 | D:9      | Reached skill level 11 in Spellcasting
 10684 | D:9      | Reached ** piety under Ashenzari
 10870 | D:9      | Found a glowing silver altar of Zin.
 10874 | D:9      | Found a staircase to the Orcish Mines.
 11179 | D:9      | Gained mutation: You are dopey. (Int -2) [potion of
                  | mutation]
 11179 | D:9      | Gained mutation: You have a pair of small horns on your
                  | head. [potion of mutation]
 11179 | D:9      | Gained mutation: You are resistant to electric shocks.
                  | (rElec) [potion of mutation]
 11179 | D:9      | Gained mutation: You are resistant to hostile enchantments.
                  | (MR+) [potion of mutation]
 11578 | D:9      | Noticed Grum
 11594 | D:9      | Killed Grum
 11621 | D:9      | Reached skill level 1 in Armour
 11857 | D:9      | Noticed a two-headed ogre
 11892 | D:9      | Killed a two-headed ogre
 12117 | D:10     | Entered Level 10 of the Dungeon
 12408 | D:9      | Reached XP level 11. HP: 42/47 MP: 23/27
 12655 | D:10     | Identified the cursed +1 dagger "Qekeim" {vorpal, rN+ MR+
                  | Dex-2}
 12741 | D:10     | Reached skill level 12 in Spellcasting
 13121 | D:10     | Noticed Psyche
 13135 | D:10     | Killed Psyche
 13601 | D:11     | Noticed an eight-headed hydra
 13615 | D:11     | Found Erueneb's Jewellery Shoppe.
 13702 | D:11     | Reached *** piety under Ashenzari
 13956 | Lair:1   | Entered Level 1 of the Lair of Beasts
 13958 | Lair:1   | Found a runed translucent gate.
 13959 | Lair:1   | Found a runed translucent gate.
 14040 | Lair:1   | Found a runed translucent gate.
 14041 | Lair:1   | Noticed Zusoliwk's ghost (journeyman CeHu)
 14534 | Lair:1   | Reached skill level 13 in Spellcasting
 14950 | Lair:1   | Reached skill level 10 in Dodging
 15287 | Lair:2   | Noticed a six-headed hydra
 15508 | Lair:2   | Found a staircase to the Snake Pit.
 15746 | D:5      | Bought a book of Party Tricks for 500 gold pieces
 15753 | D:5      | Learned a level 6 spell: Invisibility
 15757 | D:5      | Learned a level 3 spell: Tukima's Dance
 16114 | Lair:2   | Reached skill level 1 in Hexes
 16444 | Lair:2   | Reached XP level 12. HP: 43/51 MP: 16/30
 16709 | Lair:2   | Killed a six-headed hydra
 16976 | Lair:2   | Noticed a four-headed hydra
 17054 | Lair:2   | Killed a five-headed hydra
 17574 | Lair:3   | Reached skill level 14 in Spellcasting
 17711 | Lair:3   | Reached **** piety under Ashenzari
 18275 | Lair:4   | Identified the +0 leather armour of Divine Intervention
                  | {Dex+4}
 18361 | Lair:4   | Noticed an eight-headed hydra
 18381 | Lair:4   | Killed an eight-headed hydra
 18530 | Lair:4   | Noticed Urug
 18551 | Lair:4   | Killed Urug
 18772 | Lair:4   | Found a staircase to the Shoals.
 19196 | Lair:5   | Noticed a death yak
 19198 | Lair:5   | Noticed a death yak
 19278 | Lair:5   | Noticed a death yak
 19283 | Lair:5   | Noticed a death yak
 19284 | Lair:5   | Noticed a death yak
 19314 | Lair:5   | Killed a death yak
 19314 | Lair:5   | Reached skill level 15 in Spellcasting
 19360 | Lair:4   | Killed a death yak
 19476 | Lair:5   | Reached ***** piety under Ashenzari
 19517 | Lair:5   | Killed a death yak
 19538 | Lair:5   | Killed a death yak
 19543 | Lair:5   | Killed a death yak
 19833 | Lair:5   | Reached XP level 13. HP: 21/55 MP: 19/33
 19837 | Lair:5   | HP: 1/55 [rime drake/flash freeze (22)]
 20058 | Lair:5   | Lost mutation: You are resistant to hostile enchantments.
                  | (MR+) [potion of mutation]
 20058 | Lair:5   | Lost mutation: You are dopey. (Int -2) [potion of mutation]
 20058 | Lair:5   | Gained mutation: You are partially covered in large bone
                  | plates. (SH +4) [potion of mutation]
 20058 | Lair:5   | Gained mutation: You evolve. [potion of mutation]
 20208 | Lair:5   | Found a staircase to the Slime Pits.
 20702 | Lair:6   | Entered Level 6 of the Lair of Beasts
 21185 | Lair:6   | Reached skill level 1 in Summonings
 21290 | Lair:6   | Reached skill level 5 in Hexes
 22229 | Lair:6   | Reached skill level 5 in Short Blades
 22769 | Lair:6   | Reached skill level 16 in Spellcasting
 23338 | Lair:6   | Found a runed translucent door.
 23339 | Lair:6   | Noticed a fire dragon
 23540 | Lair:6   | Reached skill level 5 in Fire Magic
 23687 | Lair:6   | Killed a fire dragon
 24101 | D:5      | Bought the Guide on Feathers and Envenoming for 762 gold
                  | pieces
 24106 | D:5      | Learned a level 4 spell: Airstrike
 24111 | D:5      | Learned a level 4 spell: Summon Lightning Spire
 24291 | D:12     | Reached XP level 14. HP: 59/59 MP: 33/35
 24304 | D:12     | Identified the +11 lajatang "Pisix" {vorpal, rF+ rC+ MR-
                  | SInv}
 25038 | D:11     | Reached skill level 1 in Air Magic
 25937 | D:12     | Reached skill level 17 in Spellcasting
 26319 | D:12     | Reached skill level 5 in Armour
 26475 | D:13     | Gained mutation: Your muscles are strong. (Str +2)
                  | [evolution]
 27536 | D:14     | Identified the +6 ring mail of Maiptem {Dex+4}
 28120 | D:14     | Noticed an iron dragon
 28122 | D:14     | Found the +6 shillelagh "Devastator" {shatter}
 28233 | D:14     | Noticed Louise
 28246 | D:14     | Killed Louise
 29687 | D:14     | Found a gate to the Vaults.
 29695 | D:14     | Reached XP level 15. HP: 63/63 MP: 12/37
 29763 | D:14     | Noticed an acid blob
 29763 | D:14     | an iron dragon changed into an acid blob
 29773 | D:14     | Killed an acid blob
 29773 | D:14     | Reached skill level 18 in Spellcasting
 29956 | D:15     | Entered Level 15 of the Dungeon
 30166 | D:15     | Noticed Josephine
 30181 | D:15     | Killed Josephine
 30381 | D:15     | Reached ****** piety under Ashenzari
 31081 | D:15     | Found a staircase to the Depths.
 31651 | D:15     | Learned a level 6 spell: Freezing Cloud
 31810 | Orc:1    | Entered Level 1 of the Orcish Mines
 31888 | Orc:2    | Entered Level 2 of the Orcish Mines
 31970 | Orc:1    | Found a frozen archway.
 31985 | IceCv    | Entered an ice cave
 32541 | IceCv    | Reached skill level 5 in Summonings
 33040 | Orc:2    | Found a roughly hewn altar of Beogh.
 33325 | Orc:1    | Found a roughly hewn altar of Beogh.
 33718 | Orc:2    | Found a staircase to the Elven Halls.
 33948 | Orc:2    | Found Qymior's Antique Armour Shop.
 34379 | Orc:2    | Found Vicacseq's Magic Scroll Shop.
 34380 | Orc:2    | Found Empauc's General Store.
 34980 | Orc:2    | Reached skill level 19 in Spellcasting
 35340 | Orc:2    | Reached skill level 10 in Short Blades
 35746 | Orc:2    | Found Juodiuda's Antique Armour Emporium.
 35746 | Orc:2    | Found a one-way gate leading to the halls of Pandemonium.
 35746 | Orc:2    | Found Rurearru's Gadget Shoppe.
 36040 | Snake:1  | Entered Level 1 of the Snake Pit
 36040 | Snake:1  | Identified the +10 chain mail of the Equator {Int+2 Stlth+}
 36684 | Snake:1  | Reached XP level 16. HP: 62/67 MP: 29/40
 37315 | Snake:1  | Noticed Aizul
 37615 | Snake:1  | Killed Aizul
 37987 | Snake:1  | HP: 1/67 [naga sharpshooter/arrow (24)]
 38476 | Snake:2  | Noticed Frances
 38499 | Snake:2  | Reached skill level 1 in Fighting
 38505 | Snake:2  | Slain by an anaconda

Illustrated notes

Levels and vault maps discovered:
D:1:      eino_arrival_cavern_b, layout_loops_ring, corexii_hall_statues_i,
          minmay_octomino_j4
D:2:      layout_basic, old_standard_altar, dk_noncrumbling_3
D:3:      layout_loops_corners, nicolae_overflow_crystal_walls, uniq_ijyb
D:4:      layout_loops_ring, lemuel_coloured_pillars_altar, lemuel_doored_altar
D:5:      layout_rooms, old_standard_altar, amethyst_overflow_temple_binary,
          led_sif_pool, minmay_temple_entry_hall, serial_shops,
          nicolae_shop_trees, first_ration
D:6:      layout_basic, nicolae_benzene_ring, uniq_crazy_yiuf_cottage
D:7:      layout_basic, kennysheep_mini, nicolae_gozag_seed_capital, uniq_harold
D:8:      layout_basic, grunt_dithmenos_shadows, old_standard_altar
D:9:      layout_roguey, overflow_temple_1_default, david_lair_generic,
          uniq_grum
D:10:     layout_gridville, the_bakery, uniq_psyche
D:11:     minmay_bloctagon_deflated, layout_rooms, serial_shops,
          nicolae_shop_trees, hangedman_decor_lopped
D:12:     layout_cave_pools, kennysheep_opposing_triangles
D:13:     layout_small_grid, abandoned_shop
D:14:     minmay_roctagon, layout_basic, grunt_vaults_entry_tiered,
          minmay_misc_feat_hallway, uniq_louise
D:15:     gammafunk_enter_depths_forms, layout_long_grid, dk_noncrumbling_4,
          grunt_decor_arrowhead, hangedman_decor_clover_reticule, uniq_josephine
Temple:   compressed_dpeg_circular_temple
Lair:1:   layout_roguey, ebering_ghost_rock_garden,
          chequers_serial_rivers_small_3, zaba_anthole,
          chequers_serial_rivers_room_a, minivault_26, worms_lemuel
Lair:2:   layout_cellular_growth, minmay_snake_entry_six_corridors,
          nicolae_quartered_pool_super
Lair:3:   layout_cave_pods, serial_bayou_pond_c
Lair:4:   layout_hall_layers, minmay_shoals_entry_hut, uniq_urug
Lair:5:   layout_regular_city, minmay_slime_entry_oklob_open,
          minmay_lair_oklob_items, serial_bayou_lake_a
Lair:6:   wormcave, layout_hall_layers, hangedman_lair_caniforms_friends,
          lemuel_fruit_tree
Snake:1:  layout_grid_shapes, grunt_megastairs_3, serial_bayou_shore_b,
          uniq_aizul
Snake:2:  layout_gridlike, serial_bayou_shore_b, minmay_shoptagon, uniq_frances,
          uniq_vashnia
Orc:1:    layout_caves, portal_ice_cave_entry_ice_beasts, kennysheep_orc_chapel
Orc:2:    pf_orc_diabolical, layout_diamond_mine, basic_altar, serial_shops,
          nicolae_shop_competitors_out_of_business

Skill      XL: |  1  2  3  4  5  6  7  8  9 10 11 12 13 14 15 16 |
---------------+-------------------------------------------------+-----
Spellcasting   | 3 4 5 6 7 8 10 11 13 15 16 17 19 | 19.6
Charms         | 2 3 4 5 6 7 |  7.0
Short Blades   | 1 2 5 8 10 | 10.7
Dodging        | 4 5 6 7 9 10 11 12 13 14 | 14.5
Throwing       | 1 2 3 |  3.0
Stealth        | 4 5 6 7 8 9 |  9.7
Conjurations   | 1 2 3 4 |  4.6
Ice Magic      | 4 5 6 7 8 |  8.3
Evocations     | 3 |  3.8
Long Blades    | 2 3 4 |  4.8
Translocations | 2 3 |  3.5
Fire Magic     | 1 3 4 5 |  5.6
Armour         | 1 3 4 5 |  5.1
Hexes          | 2 4 6 8 |  8.5
Summonings     | 3 4 5 |  5.0
Air Magic      | 2 4 |  4.8
Fighting       | 1 |  1.0

Action                   |  1- 3 |  4- 6 |  7- 9 | 10-12 | 13-15 | 16-18 || total
-------------------------+-------+-------+-------+-------+-------+-------++-------
Melee: Short sword       |    26 |    90 |     6 |       |       |       ||   122
       Falchion          |       |       |   120 |   283 |       |       ||   403
       Headbutt          |       |       |       |    56 |    77 |    18 ||   151
       Dagger            |       |       |       |     2 |   481 |       ||   483
       Scimitar          |       |       |       |       |    19 |    94 ||   113
Throw: Dart              |    28 |    34 |   156 |   284 |   336 |       ||   838
       Boomerang         |       |       |    16 |   152 |    99 |    16 ||   283
 Cast: Freeze            |    32 |       |       |       |       |       ||    32
       Frozen Ramparts   |     6 |    21 |    46 |    94 |   160 |    16 ||   343
       Ozocubu's Armour  |     2 |     3 |    10 |    29 |    46 |    15 ||   105
       Sticky Flame      |       |       |     8 |    67 |   281 |    29 ||   385
       Apportation       |       |       |     5 |    32 |    27 |     4 ||    68
       Conjure Flame     |       |       |       |    16 |     1 |       ||    17
       Fireball          |       |       |       |    17 |     3 |     1 ||    21
       Airstrike         |       |       |       |       |    46 |     6 ||    52
       Summon Lightning  |       |       |       |       |    44 |     2 ||    46
       Invisibility      |       |       |       |       |     4 |       ||     4
Invok: Curse Item        |       |       |     2 |     1 |     1 |       ||     4
Evoke: Wand              |       |       |       |       |     3 |       ||     3
  Use: Scroll            |       |       |    16 |     7 |     7 |     3 ||    33
       Potion            |       |       |       |     3 |     3 |     9 ||    15
 Stab: Sleeping          |     2 |     8 |    12 |     7 |    57 |     1 ||    87
       Distracted        |       |     1 |       |       |     6 |       ||     7
       Invisible         |       |       |       |       |     3 |       ||     3
  Eat: Ration            |       |     1 |     3 |     5 |     7 |     1 ||    17
Armor: Robe              |    10 |    12 |    20 |    15 |       |       ||    57
       Troll leather arm |       |       |       |    33 |    76 |    25 ||   134
       Skin              |       |       |       |       |     5 |       ||     5
Dodge: Dodged            |    49 |    75 |   150 |   280 |   683 |   191 ||  1428
Block: Other             |       |       |       |       |    96 |    22 ||   118
       Rpst.: Falchion   |       |       |    47 |    78 |       |       ||   125
       Scimitar          |       |       |       |       |     7 |    34 ||    41
